 Dungeon Crawl Stone Soup version 0.22-a0-136-g83a10e5 (webtiles) character file.

79 Lathuz the Digger (level 4, -12/24 HPs)
             Began as a Gargoyle Earth Elementalist on Feb 4, 2018.
             Blown up by Ijyb (19 damage)
             ... with a wand of disintegration (14)
             ... on level 3 of the Dungeon.
             The game lasted 00:06:46 (2885 turns).

Lathuz the Digger (Gargoyle Earth Elementalist)     Turns: 2885, Time: 00:06:46

Health: -12/24     AC:  5    Str: 11    XL:     4   Next: 38%
Magic:  1/7        EV: 12    Int: 17    God:
Gold:   116        SH:  0    Dex: 10    Spells: 3/7 levels left

rFire    . . .     SeeInvis .   g - +1 dagger (venom)
rCold    . . .     Gourm    .   (no shield)
rNeg     + . .     Faith    .   c - +0 robe
rPois    ∞         Spirit   .   (no helmet)
rElec    +         Reflect  .   (no cloak)
rCorr    .         Harm     .   (no gloves)
MR       .....                  (no boots)
Stlth    ++........             (no amulet)
HPRegen  0.08/turn              (no ring)
MPRegen  0.10/turn              (no ring)

@: no status effects
A: negative energy resistance 1, electricity resistance, unbreathing,
petrification resistance, rot immunity, AC +3
a: no special abilities


You were on level 3 of the Dungeon.
You were not hungry.

You visited 1 branch of the dungeon, and saw 3 of its levels.

You collected 116 gold pieces.

Inventory:

Hand Weapons
 g - a +1 dagger of venom (weapon)
Missiles
 b - 43 stones
 m - 8 tomahawks of returning (quivered)
Armour
 c - a +0 robe (worn)
Jewellery
 n - a +4 ring of evasion {unknown}
Scrolls
 a - 3 scrolls of remove curse {unknown}
 f - a scroll of fear {unknown}
 h - a scroll of fog {unknown}
 i - a scroll of immolation {unknown}
 j - a scroll of amnesia {unknown}
 l - a scroll of random uselessness {unknown}
 o - a scroll of enchant armour {unknown}
 p - a scroll of identify {unknown}
Potions
 k - a potion of flight {unknown}
 r - a potion of haste {unknown}
Books
 e - a book of Geomancy

   Spells                             Type                      Level
   a - Sandblast                      Earth                        1
   b - Passwall                       Transmutation/Earth          2
   c - Stone Arrow                    Conjuration/Earth            3
   d - Petrify                        Transmutation/Earth          4
   e - Lee's Rapid Deconstruction     Earth                        5
Comestibles
 d - 3 rations
 q - 3 chunks of flesh


   Skills:
 - Level 1.5 Dodging
 - Level 2.1 Stealth
 + Level 2.3 Spellcasting
 + Level 1.2 Conjurations
   Level 0.7 Transmutations
 * Level 5.6 Earth Magic


You had 3 spell levels left.
You knew the following spells:

 Your Spells              Type           Power        Failure   Level  Hunger
a - Sandblast             Erth           ###...       1%          1    #......
b - Stone Arrow           Conj/Erth      ##....       14%         3    ###....


Dungeon Overview and Level Annotations

Branches:
Dungeon (3/15)

Altars:
Kikubaaqudgha

Annotations:
D:3 Ijyb


Innate Abilities, Weirdness & Mutations

You are resistant to torment.
Your stone body is resilient. (AC +3)
You are immune to poison.
You resist negative energy. (rN+)
You are resistant to electric shocks. (rElec)
You can survive without breathing.
You are immune to petrification.
You are immune to rotting.


Message History

Press: ? - help, Shift-Dir - straight line, f - Ijyb
Aim: Ijyb, wielding a dagger and wearing a ring mail The stone arrow hits Ijyb.
Ijyb is lightly wounded.
The bat misses you. Ijyb hits you but does no damage.
A bat comes into view.
Casting: Stone Arrow (safe; 14% risk of failure)
Confirm with . or Enter, or press ? or * to list all spells.
Aiming: Stone Arrow (safe; 14% risk of failure)
Press: ? - help, Shift-Dir - straight line, f/p - Ijyb
Aim: Ijyb, wielding a dagger and wearing a ring mail (lightly wounded)
The stone arrow hits Ijyb.
Ijyb is heavily wounded.
The bat closely misses you.
Ijyb zaps a wand.
You are blasted!
Ouch! That really hurt!
* * * LOW HITPOINT WARNING * * *
It is a wand of disintegration (14).
The bat barely misses you.
Ijyb zaps a wand.
You are blasted!
Ouch! That really hurt!
You die...

.#
#.#
#..
#..##
#....
#...#
#..g#
#..@#
#.#b#
..
...
#.
.###.
# ..
.# ..
# ...
###


You could see Ijyb and a bat.

Vanquished Creatures
  An adder (D:2)
  An ooze (D:2)
  2 worms (D:2)
  A dart slug (D:2)
  A leopard gecko (D:2)
  A ball python (D:2)
  6 bats
  2 giant cockroaches
  8 goblins
  12 hobgoblins
  2 frilled lizards
  7 kobolds
  6 rats
50 creatures vanquished.

Vanquished Creatures (others)
  A bat (D:2)
1 creature vanquished.

Grand Total: 51 creatures vanquished

Notes
Turn   | Place    | Note
-------+----------+-------------------------------------------
     0 | D:1      | Lathuz the Gargoyle Earth Elementalist began the quest for the Orb.
     0 | D:1      | Reached XP level 1. HP: 10/10 MP: 3/3
   178 | D:1      | Reached skill level 4 in Earth Magic
   259 | D:1      | Reached XP level 2. HP: 7/15 MP: 0/5
   857 | D:1      | Reached XP level 3. HP: 16/19 MP: 6/6
   896 | D:1      | Learned a level 3 spell: Stone Arrow
   974 | D:1      | Reached skill level 5 in Earth Magic
  1997 | D:2      | Found an ancient bone altar of Kikubaaqudgha.
  2028 | D:2      | Reached skill level 1 in Conjurations
  2028 | D:2      | Reached XP level 4. HP: 23/24 MP: 3/7
  2882 | D:3      | Noticed Ijyb
  2885 | D:3      | Blown up by Ijyb

Vault maps used:
D:1:      lightli_arrival_quake, serial_bayou_ford_a
D:2:      lemuel_doored_altar
D:3:      overflow_temple_1_default, uniq_sigmund, uniq_jessica, uniq_ijyb

Skill      XL: |  1  2  3 |
---------------+----------+-----
Earth Magic    | 4 5 |  5.6
Conjurations   | 1 |  1.2
Dodging        | |  1.5
Stealth        | |  2.1
Spellcasting   | |  2.3
Transmutations | |  0.7

Action                   |  1- 3 |  4- 6 || total
-------------------------+-------+-------++-------
Melee: Unarmed           |     8 |       ||     8
       Dagger            |    52 |     6 ||    58
Throw: Stone             |     9 |       ||     9
       Tomahawk          |     4 |       ||     4
 Cast: Sandblast         |    21 |       ||    21
       Stone Arrow       |     9 |    13 ||    22
 Stab: Sleeping          |     1 |       ||     1
  Eat: Chunk             |     2 |     4 ||     6
       Ration            |     1 |       ||     1
Armor: Robe              |    24 |     3 ||    27
Dodge: Dodged            |    41 |     8 ||    49

Table legend:
 A = Spawn XP
 B = Non-spawn XP
 C = Spawn XP percentage of total XP
 D = Spawn monster count
 E = Non-spawn monster count
 F = Spawn count percentage of total count
 G = Total turns spent on level
                    A         B        C        D         E        F      G
               +---------+---------+-------+---------+---------+-------+---------
         Total |       0 |     114 |   0.0 |       0 |      50 |   0.0 |  2885
               +---------+---------+-------+---------+---------+-------+---------
           D:1 |       0 |      42 |   0.0 |       0 |      24 |   0.0 |  1441
           D:2 |       0 |      72 |   0.0 |       0 |      26 |   0.0 |  1441
               +---------+---------+-------+---------+---------+-------+---------
